 Dungeon Crawl Stone Soup version 0.15.2 (console) character file.

93240 CALLOUS the Devastator (level 16, -13/100 HPs)
             Began as a Gargoyle Wanderer on Nov 3, 2019.
             Was the Champion of Dithmenos.
             Mangled by an Ice Fiend (44 damage)
             ... in an ice cave on Dec 3, 2019.
             The game lasted 20:57:04 (61434 turns).

CALLOUS the Devastator (Gargoyle Wanderer)         Turns: 61434, Time: 20:57:04

HP -13/100       AC 35     Str 15      XL: 16   Next:  8%
MP  28/29        EV  7     Int 26      God: Dithmenos [******]
Gold 1744        SH  0     Dex 12      Spells:  4 memorised,  9 levels left

rFire  + + .     SeeInvis +     w - +7 arbalest of Ruination {venom, Int+3}
rCold  . . .     Clarity  .     C - +3 chain mail "Currewkuaf" {+Rage +Fly rF+ SInv}
rNeg   + . .     rCorr    .     (no shield)
rPois  +         rRot     +     Z - +0 helmet
rElec  +         Spirit   .     F - +1 cloak
SustAb .         Warding  .     G - +0 pair of gloves (curse)
rMut   .         Stasis   .     J - +0 pair of boots
Gourm  .                        (no amulet)
MR     +....                    (no ring)
                                o - +3 ring of intelligence

@: about to teleport, flying, wreathed by umbra, repel missiles, somewhat
resistant to hostile enchantments, extremely unstealthy
A: able to fly continuously, big wings, hooves 1, rugged brown scales 1, agile
1, fire resistance 1, negative energy resistance 1, electricity resistance,
unbreathing, petrification resistance, rot immunity, AC +11
a: Stop Flying, Shadow Step, Shadow Form, Renounce Religion, Evoke Berserk Rage


You were in an ice cave.
You worshipped Dithmenos.
Dithmenos was exalted by your worship.
You were not hungry.

You visited 6 branches of the dungeon, and saw 30 of its levels.
You also visited: Labyrinth and Ice Cave.

You collected 2780 gold pieces.
You spent 1036 gold pieces at shops.

Inventory:

Hand weapons
 b - the +5 war axe of a bailey {chop, rElec Str-1 SInv}
   (You found it on level 7 of the Dungeon)

   It inflicts extra damage upon your enemies.
   It affects your strength (-1).
   It insulates you from electricity.
   It enhances your eyesight.
 w - the +7 arbalest of Ruination (weapon) {venom, Int+3}
   (You bought it in a shop on level 3 of the Orcish Mines)

   It poisons the ammo it fires.
   It affects your intelligence (+3).
 T - a +1 trident
Missiles
 e - 190 bolts (quivered)
 g - 8 throwing nets
 l - 8 silver tomahawks
 I - 48 tomahawks
 M - 18 bolts of frost
Armour
 v - a +0 pair of gloves of strength
 C - the +3 chain mail "Currewkuaf" (worn) {+Rage +Fly rF+ SInv}
   (You found it on level 3 of the Lair of Beasts)

   It protects you from fire.
   It enhances your eyesight.
   It lets you fly.
   It lets you go berserk.
 F - a +1 cloak (worn)
 G - a cursed +0 pair of gloves (worn)
 J - a +0 pair of boots (worn)
 P - a troll hide
 Z - a +0 helmet (worn)
Magical devices
 d - a wand of draining (6)
 z - a wand of paralysis (7)
 A - a wand of frost (8)
 O - a wand of draining (8)
 U - a wand of polymorph (7)
 V - a wand of enslavement (2)
 W - a wand of draining (5)
 X - a wand of disintegration (3)
 Y - a wand of lightning (3)
Comestibles
 f - 8 meat rations
 s - a beef jerky
 E - 30 fruits
 H - 2 royal jellies
Scrolls
 c - 8 scrolls of teleportation
 u - a scroll of vulnerability
 D - 6 scrolls of blinking
 L - 4 scrolls of fear
 N - 3 scrolls of magic mapping
 R - a scroll of torment
Jewellery
 o - a +3 ring of intelligence (left hand)
Potions
 j - 4 potions of haste
 m - 2 potions of resistance {unknown}
 p - 3 potions of agility
 B - a potion of brilliance {unknown}
 K - 7 potions of curing {heal, unknown}
 S - a potion of restore abilities {unknown}
Books
 n - a book of Hinderance

   Spells                             Type                      Level
   Confusing Touch                    Hexes                        2
   Confuse                            Hexes                        3
   Petrify                            Transmutation/Earth          4
   Leda's Liquefaction                Hexes/Earth                  4
   Metabolic Englaciation             Hexes/Ice                    5
   Summon Mana Viper                  Hexes/Summoning              5
 r - a book of Control

   Spells                             Type                      Level
   Control Teleport                   Charms/Translocation         4
   Control Undead                     Necromancy                   4
   Enslavement                        Hexes                        4
   Metabolic Englaciation             Hexes/Ice                    5
   Mass Confusion                     Hexes                        6
Magical staves
 a - an uncursed staff of power
 k - an uncursed staff of conjuration {unknown}
 q - an uncursed staff of energy
 t - an uncursed staff of death
 y - an uncursed staff of fire
Miscellaneous
 h - a lantern of shadows
 i - a plain deck of defence
 x - a box of beasts
 Q - a phial of floods (inert)


   Skills:
 * Level 10.4 Fighting
 - Level 4.0 Crossbows
 * Level 13.3 Armour
 + Level 4.7 Stealth
   Level 1.1 Shields
 - Level 1.0 Spellcasting
 * Level 21.1 Conjurations
 + Level 1.9 Translocations
 * Level 10.2 Invocations
 + Level 2.2 Evocations


You had 9 spell levels left.
You knew the following spells:

 Your Spells              Type           Power        Failure   Level  Hunger
a - Magic Dart            Conj           ####         1%          1    ##.....
b - Repel Missiles        Chrm/Air       #.....       99%         2    ###....
c - Blink                 Tloc           N/A          83%         2    ###....
d - Mephitic Cloud        Conj/Pois/Air  #####...     21%         3    ####...


Dungeon Overview and Level Annotations

Branches:
Dungeon (15/15)            Temple (1/1) D:5             Orc (4/4) D:12
    Elf (0/3) Orc:4          Lair (8/8) D:10         Shoals (1/5) Lair:4
  Snake (1/5) Lair:6        Slime (0/6) Lair:7       Vaults (0/5) D:13
 Depths (0/5) D:15

Altars:
Dithmenos
Kikubaaqudgha
Zin

Shops:
Orc:3 :*=[   Orc:4 =*[(

Annotations:
D:1 1 exclusion
D:2 1 exclusion
D:3 2 exclusions
D:5 1 exclusion
D:8 13wutD, exclusion: ugly thing
D:9 10owEDwarplate, exclusion: orc warlord
D:10 13hgDgiantclub, 1 exclusion
D:12 2 exclusions
Orc:1 2 exclusions
Orc:2 1 exclusion
Orc:3 1 exclusion
Lair:2 1 exclusion
Lair:4 1 exclusion
Lair:5 1 exclusion
Lair:6 15bgEDrf++++15mgEDpainagonyanimatedeagdrcorrr, exclusion: 2 player ghosts, busta's ghost, mighty DsFi; magipi's ghost, mighty DrNe
Shoals:1 13fEDglowingmace, Frances


Innate Abilities, Weirdness & Mutations

You are resistant to torment.
You are immune to poison.
You can fly continuously.
Your stone body is very resilient (AC +11).
Your wings are large and strong.
You resist negative energy.
You are resistant to electric shocks.
You can survive without breathing.
You are immune to petrification.
You are immune to rotting.
You have large cloven feet.
You are partially covered in rugged brown scales (AC +1, +3% HP).
You are agile. (Dex +2)
Your flesh is heat resistant.


Message History

Casting: Magic Dart
Confirm with . or Enter, or press ? or * to list all spells.
Aiming: Magic Dart
Press: ? - help, Shift-Dir - straight line, f/p - iron troll simulacrum
Aim: an iron troll simulacrum (umbra)
The magic dart hits the iron troll simulacrum.
The Ice Fiend gestures at you. The bolt of cold hits you!
You see here a wand of fireball.
Casting: Magic Dart
Confirm with . or Enter, or press ? or * to list all spells.
Aiming: Magic Dart
Press: ? - help, Shift-Dir - straight line, p - iron troll simulacrum The magic dart hits the iron troll simulacrum.
The Ice Fiend gestures at you. The bolt of cold hits you!
You emit a cloud of dark smoke.
Search for what [Enter for "icec", or ? for help]?
As you read the scroll of teleportation, it crumbles to dust.
You feel strangely unstable. The Ice Fiend claws you.
The Ice Fiend freezes you!!!
You die...

### ###...
##.###### ####
###.#.#...##
#..###...⌠.# #
###..###.#.#####
##...##..#####...
##...###..####....
#.....###...#....#
###...##
###...####
#§###..# #.#####
#§@1§.###.∩.####$
#§§§Z#...((((.((#
##########.######
#


You could see an Ice Fiend and an iron troll simulacrum.

Vanquished Creatures
  Kirke (D:15)
  An orc warlord (Orc:2)
  A dire elephant (Lair:7)
  5 vault guards (D:13)
  2 fire dragons (D:15)
  A minotaur (Lab)
  The ghost of Yermak the Grappler, a powerful VSHe of Elyvilon (Lair:6)
  The ghost of Huymann the Nimble, a powerful DrBe of Trog (Orc:2)
  Harold (D:12)
  2 sirens (Shoals:1)
  A naga warrior (Snake:1)
  7 hydras
  Erica (D:12)
  3 centaur warriors
  14 death yaks
  A tengu warrior (D:15)
  Nergalle (Lair:4)
  4 orc high priests
  5 catoblepae
  A fire crab (Lair:8)
  4 unseen horrors
  5 ice devils (IceCv)
  An ice statue (IceCv)
  5 sea snakes (Shoals:1)
  4 harpies (Shoals:1)
  3 orc knights (Orc:4)
  5 hill giants
  6 griffons
  5 cyclopes
  8 ugly things
  A faun (Shoals:1)
  6 orc sorcerers
  2 water nymphs (Shoals:1)
  2 wolf spiders (Lair:3)
  3 manticores
  A fire giant zombie (D:11)
  A wizard (D:13)
  A salamander (Snake:1)
  18 elephants
  A centaur zombie (D:13)
  Joseph (Orc:3)
  A feature mimic (Lair:6)
  2 black mambas
  2 mermaids (Shoals:1)
  A centaur skeleton (D:13)
  A torpor snail (Lair:8)
  Psyche (D:12)
  11 spiny frogs
  8 fire drakes
  7 komodo dragons
  A kobold demonologist (D:13)
  4 anaconda simulacra (IceCv)
  A yaktaur (D:13)
  2 tengu conjurers (D:13)
  An efreet (D:15)
  3 freezing wraiths
  4 trolls
  3 merfolk
  2 polar bears
  5 ravens
  2 blue devils (IceCv)
  A boulder beetle (Lair:6)
  4 slime creatures (D:13)
  4 two-headed ogres
  7 blink frogs
  2 dire elephant simulacra (IceCv)
  2 basilisks
  46 yaks
  4 shadows
  5 wyverns
  4 deep elf magi
  3 wraiths
  2 spriggans
  An ice dragon skeleton (D:14)
  A water elemental (Shoals:1)
  A vampire (D:13)
  Eustachio (Orc:3)
  A deep elf fighter (D:13)
  4 hogs (D:15)
  A human (D:13)
  4 hungry ghosts
  3 vampire mosquitoes (D:14)
  15 hippogriffs
  A naga (Snake:1)
  12 wolves
  6 wargs
  5 hydra simulacra (IceCv)
  A mottled dragon (D:12)
  A tengu zombie (D:10)
  An iron troll simulacrum (IceCv)
  3 harpy simulacra (IceCv)
  A raven skeleton (D:13)
  3 ettin simulacra (IceCv)
  3 black bears
  5 ice beasts
  11 porcupines
  18 water moccasins
  A tengu skeleton (D:15)
  4 yellow wasps
  2 phantoms
  39 orc warriors
  3 sky beasts
  13 ogres
  21 centaurs
  A boring beetle (Lair:5)
  3 big kobolds
  17 crocodiles
  A brain worm (D:15)
  Blork the orc (D:9)
  13 giant frogs
  A komodo dragon skeleton (D:10)
  5 scorpions
  A cyclops skeleton (D:15)
  A yaktaur skeleton (D:14)
  22 wights
  8 killer bees
  3 jellies
  Dowan (D:4)
  A giant frog zombie (D:12)
  37 orc priests
  9 hounds
  A black bear zombie (D:6)
  An electric eel (Lair:6)
  3 goliath beetles
  3 draconian simulacra (IceCv)
  A two-headed ogre skeleton (D:13)
  A quasit (D:9)
  8 crimson imps
  40 orc wizards
  A spriggan simulacrum (IceCv)
  12 worker ants
  A basilisk skeleton (D:12)
  Natasha (thrice) (D:4)
  12 iguanas
  A troll simulacrum (IceCv)
  A polar bear simulacrum (IceCv)
  39 sheep
  3 centaur simulacra (IceCv)
  Ijyb (D:2)
  A hound zombie (D:5)
  A mummy (D:11)
  3 ogre simulacra (IceCv)
  A naga simulacrum (IceCv)
  A scorpion zombie (D:6)
  29 adders
  84 green rats
  3 shadow imps
  7 white imps (IceCv)
  6 giant mites
  2 worms
  7 ufetubi (IceCv)
  An orc skeleton (D:13)
  10 giant geckos
  200 orcs
  2 ball pythons
  7 giant cockroaches
  18 goblins
  23 hobgoblins
  3 oozes
  13 quokkas
  23 bats
  A giant gecko skeleton (D:5)
  11 giant newts
  A giant spore (D:11)
  A hobgoblin skeleton (D:6)
  A hobgoblin zombie (D:9)
  4 jackals (D:5)
  35 kobolds
  4 orc zombies
  25 rats
  A rat skeleton (D:4)
  4 spectral orcs (Lair:4)
1259 creatures vanquished.

Vanquished Creatures (collateral kills)
  4 elephants
  A freezing wraith (IceCv)
5 creatures vanquished.

Vanquished Creatures (others)
  8 drowned souls (Shoals:1)
  A human (D:15)
  10 shadows
  A water elemental (IceCv)
  Duvessa (D:4)
  An adder (Lair:7)
  An orc (Orc:2)
  17 fungi
  5 plants
45 creatures vanquished.

Grand Total: 1309 creatures vanquished

Notes
Turn   | Place    | Note
--------------------------------------------------------------
     0 | D:1      | CALLOUS, the Gargoyle Wanderer, began the quest for the Orb.
     0 | D:1      | Reached XP level 1. HP: 10/10 MP: 2/2
     2 | D:1      | Learned a level 1 spell: Magic Dart
   570 | D:1      | Reached XP level 2. HP: 16/16 MP: 3/3
   574 | D:1      | Learned a level 2 spell: Repel Missiles
  1119 | D:1      | Reached skill level 1 in Conjurations
  2252 | D:2      | Noticed Ijyb
  2259 | D:2      | Killed Ijyb
  2259 | D:2      | Reached skill level 1 in Fighting
  2259 | D:2      | Reached XP level 3. HP: 20/20 MP: 0/4
  2839 | D:2      | Reached XP level 4. HP: 25/25 MP: 0/5
  2847 | D:2      | Learned a level 2 spell: Blink
  4048 | D:2      | Reached XP level 5. HP: 24/30 MP: 0/7
  4152 | D:2      | Found a shadowy altar of Dithmenos.
  4206 | D:2      | Became a worshipper of Dithmenos the Shadowed
  5565 | D:3      | Reached XP level 6. HP: 36/36 MP: 6/8
  5838 | D:3      | Reached skill level 1 in Stealth
  6313 | D:2      | Reached skill level 1 in Invocations
  7085 | D:4      | Noticed Natasha
  7442 | D:4      | Killed Natasha
  7577 | D:3      | Reached skill level 5 in Conjurations
  7577 | D:3      | Reached XP level 7. HP: 29/41 MP: 0/9
  7671 | D:4      | Noticed Natasha
  7673 | D:4      | Killed Natasha
  7717 | D:4      | Noticed Natasha
  7745 | D:4      | Killed Natasha
  8120 | D:4      | Learned a level 3 spell: Mephitic Cloud
  8389 | D:4      | Noticed Duvessa
  8390 | D:4      | Noticed Dowan
  8406 | D:4      | Killed Duvessa
  8411 | D:4      | Killed Dowan
  9351 | D:5      | Entered Level 5 of the Dungeon
  9723 | D:5      | Reached skill level 6 in Conjurations
  9874 | D:5      | Found a staircase to the Ecumenical Temple.
  9947 | D:5      | Reached XP level 8. HP: 46/48 MP: 0/10
 10555 | Temple   | Entered the Ecumenical Temple
 10972 | D:4      | Found a glowing silver altar of Zin.
 11120 | D:6      | HP: 2/48 [ogre/giant club (11)]
 11441 | D:6      | Reached skill level 7 in Conjurations
 11684 | D:5      | Reached skill level 5 in Armour
 12444 | D:6      | Acquired Dithmenos' first power
 13026 | D:6      | Reached skill level 8 in Conjurations
 13117 | D:6      | Reached XP level 9. HP: 48/52 MP: 14/14
 14351 | D:7      | Got a crystal war axe
 14450 | D:7      | Reached skill level 9 in Conjurations
 14882 | D:7      | Reached skill level 5 in Fighting
 15248 | D:8      | Noticed a white ugly thing
 16477 | D:9      | Reached skill level 10 in Conjurations
 16775 | D:9      | Reached XP level 10. HP: 59/59 MP: 10/17
 17011 | D:9      | Acquired Dithmenos' second power
 17904 | D:9      | Noticed Blork the orc
 17913 | D:9      | Killed Blork the orc
 18093 | D:9      | Reached skill level 11 in Conjurations
 18389 | D:10     | Entered Level 10 of the Dungeon
 18823 | D:10     | Reached skill level 5 in Invocations
 19297 | D:10     | Noticed a hill giant
 20098 | D:9      | Reached skill level 12 in Conjurations
 20286 | D:9      | Noticed an orc warlord
 20317 | D:10     | Found a staircase to the Lair.
 20748 | D:10     | Reached XP level 11. HP: 64/64 MP: 6/19
 21475 | Lair:1   | Entered Level 1 of the Lair of Beasts
 21890 | Lair:1   | Acquired Dithmenos' third power
 23440 | Lair:1   | Identified a -1 rod of clouds (10/10) (You found it on level 1 of the Lair of Beasts)
 24115 | Lair:1   | Reached skill level 13 in Conjurations
 24601 | Lair:2   | Identified the +5 war axe of a bailey {chop, rElec Str-1 SInv} (You found it on level 7 of the Dungeon)
 24698 | Lair:2   | Found a labyrinth entrance.
 24705 | Lab      | Entered a labyrinth
 24882 | Lab      | Noticed a minotaur
 24885 | Lab      | Killed a minotaur
 25462 | Lair:2   | Acquired Dithmenos' fourth power
 25998 | Lair:3   | Reached skill level 14 in Conjurations
 26253 | Lair:3   | Got a bloodstained chain mail
 26254 | Lair:3   | Identified the +3 chain mail "Currewkuaf" {+Rage +Fly rF+ SInv} (You found it on level 3 of the Lair of Beasts)
 26486 | Lair:3   | Reached XP level 12. HP: 72/72 MP: 22/22
 26492 | Lair:3   | Noticed a catoblepas
 26525 | Lair:3   | Killed a catoblepas
 27677 | Lair:4   | Noticed Nergalle
 28351 | Lair:4   | Found a staircase to the Shoals.
 29296 | Lair:4   | Noticed a spectral orc warlord
 29304 | Lair:4   | Killed Nergalle
 29304 | Lair:4   | Reached skill level 10 in Armour
 29304 | Lair:4   | Reached skill level 15 in Conjurations
 29457 | Lair:5   | Noticed a six-headed hydra
 29666 | Lair:5   | Noticed a six-headed hydra
 31381 | Lair:6   | Found a staircase to the Shoals.
 31381 | Lair:6   | Noticed busta's ghost (mighty DsFi)
 31382 | Lair:6   | Noticed Yermak's ghost (powerful VSHe)
 31996 | Shoals:1 | Entered Level 1 of the Shoals
 32042 | Shoals:1 | Noticed a siren
 32306 | Shoals:1 | Reached skill level 16 in Conjurations
 32359 | Shoals:1 | Reached XP level 13. HP: 22/78 MP: 18/24
 33202 | Shoals:1 | Noticed a siren
 33226 | Shoals:1 | Killed a siren
 33255 | Shoals:1 | Killed a siren
 33306 | Shoals:1 | HP: 3/78 [harpy (3)]
 33523 | Shoals:1 | Noticed Frances
 35335 | D:12     | Reached skill level 17 in Conjurations
 35607 | D:12     | Gained mutation: You are agile. (Dex +2) [helix card]
 35717 | D:12     | Gained mutation: You are partially covered in rugged brown scales (AC +1, +3% HP). [mutagenic meat]
 35718 | D:12     | Gained mutation: You have large cloven feet. [mutagenic meat]
 35719 | D:12     | Gained mutation: Your flesh is heat resistant. [mutagenic meat]
 35798 | D:12     | Found a staircase to the Orcish Mines.
 35919 | D:12     | Noticed Psyche
 35925 | D:12     | Killed Psyche
 35973 | D:12     | Noticed Erica
 35998 | D:12     | Noticed Harold
 36011 | D:12     | Killed Harold
 36189 | D:12     | Killed Erica
 36997 | Orc:1    | Entered Level 1 of the Orcish Mines
 37881 | Orc:3    | Found Duhyuwuh's Antique Armour Emporium.
 38453 | Orc:3    | Found Tuemiuh's Book Shop.
 38532 | Orc:3    | Found Liynipt's Assorted Antiques.
 38545 | Orc:3    | Bought a sedimented blue potion {tried by monster} for 26 gold pieces
 38545 | Orc:3    | Bought a bubbling pink potion for 26 gold pieces
 38545 | Orc:3    | Bought a shimmering arbalest for 275 gold pieces
 38595 | Orc:3    | Found Qilaja's Jewellery Shop.
 38701 | Orc:3    | Noticed Joseph
 38717 | Orc:3    | Killed Joseph
 39388 | Orc:2    | Noticed Huymann's ghost (powerful DrBe)
 39389 | Orc:3    | Paralysed by an orc sorcerer for 4 turns
 39673 | Orc:2    | Killed Huymann's ghost
 39928 | Orc:2    | Noticed Eustachio
 39976 | Orc:3    | Killed Eustachio
 40616 | D:10     | Identified the +7 arbalest of Ruination {venom, Int+3} (You bought it in a shop on level 3 of the Orcish Mines)
 40797 | Orc:4    | Entered Level 4 of the Orcish Mines
 40944 | Orc:4    | Found a staircase to the Elven Halls.
 41513 | Orc:4    | Gained mutation: Your wings are large and strong. [gargoyle growth]
 41513 | Orc:4    | Reached XP level 14. HP: 86/86 MP: 26/26
 41833 | Orc:4    | Reached skill level 18 in Conjurations
 42851 | Orc:4    | Found Soraopsi's Antique Armour Shop.
 42852 | Orc:4    | Found Kitoph's Antique Weapon Boutique.
 42853 | Orc:4    | Found Irgho's General Store.
 42853 | Orc:4    | Found Tuusuny's Jewellery Shop.
 42860 | Orc:4    | Bought a scroll of random uselessness for 10 gold pieces
 42872 | Orc:4    | Bought a shimmering chain mail for 228 gold pieces
 42872 | Orc:4    | Bought a twisted scale mail for 216 gold pieces
 42875 | Orc:4    | Bought a smoking flail for 255 gold pieces
 42879 | Orc:4    | Noticed an orc warlord
 43051 | Orc:2    | Killed an orc warlord
 43466 | D:10     | Identified the +5 chain mail of Sogrixt {Str+2 Dex-4} (You bought it in a shop on level 4 of the Orcish Mines)
 43467 | D:10     | Identified the +6 flail of Cruel Justice {flame, rPois} (You bought it in a shop on level 4 of the Orcish Mines)
 43469 | D:10     | Identified the +4 scale mail of Chinearch {+Rage +Fly} (You bought it in a shop on level 4 of the Orcish Mines)
 43635 | Lair:6   | Noticed a death yak
 43651 | Lair:6   | Killed a death yak
 43800 | Lair:5   | Killed a six-headed hydra
 43862 | Lair:6   | Noticed magipi's ghost (mighty DrNe)
 45310 | D:13     | Found a gate to the Vaults.
 45364 | D:13     | Reached skill level 19 in Conjurations
 48420 | D:15     | Entered Level 15 of the Dungeon
 48842 | D:15     | Noticed Kirke
 48862 | D:15     | Killed Kirke
 49426 | D:15     | Reached XP level 15. HP: 77/92 MP: 28/28
 49719 | D:15     | Found a staircase to the Depths.
 50227 | Lair:5   | Killed a six-headed hydra
 50467 | Lair:6   | the staircase to the Shoals was a mimic.
 50556 | Lair:6   | Found a staircase to the Snake Pit.
 50665 | Lair:6   | Noticed a death yak
 50672 | Lair:6   | Noticed a death yak
 50696 | Lair:6   | Killed a death yak
 50822 | Lair:6   | Killed Yermak's ghost
 50917 | Lair:6   | Killed a death yak
 51312 | Lair:7   | Found a staircase to the Slime Pits.
 51940 | Lair:7   | HP: 4/93 [elephant (7)]
 52381 | Lair:7   | Reached skill level 20 in Conjurations
 52435 | Lair:7   | Got a faintly glowing mace
 52506 | Lair:7   | HP: 3/94 [death yak (6)]
 53223 | D:10     | Identified the +6 mace of Wrongful Imprisonment {vamp, rElec rC+} (You found it on level 7 of the Lair of Beasts)
 53703 | Lair:8   | Entered Level 8 of the Lair of Beasts
 54935 | Lair:8   | Reached skill level 10 in Fighting
 55072 | Lair:8   | Reached skill level 10 in Invocations
 57300 | D:10     | Identified a +2 rod of striking (12/12) (You found it on level 8 of the Lair of Beasts)
 57484 | Lair:6   | Noticed a six-headed hydra
 57495 | Lair:6   | Killed a six-headed hydra
 57617 | Snake:1  | Entered Level 1 of the Snake Pit
 58202 | Snake:1  | Found a frozen archway.
 58209 | IceCv    | Entered an ice cave
 59801 | IceCv    | Reached XP level 16. HP: 99/99 MP: 23/29
 59833 | IceCv    | Reached skill level 21 in Conjurations
 60359 | IceCv    | Noticed an Ice Fiend
 61434 | IceCv    | Mangled by an Ice Fiend

Action                   |  1- 3 |  4- 6 |  7- 9 | 10-12 | 13-15 | 16-18 || total
-------------------------+-------+-------+-------+-------+-------+-------++-------
Melee: Unarmed           |   102 |    73 |       |       |       |       ||   175
       Whip              |       |    80 |   131 |   238 |       |       ||   449
       War axe           |       |       |       |    28 |    83 |     4 ||   115
       Staff             |       |       |       |     7 |       |       ||     7
 Fire: Hand crossbow     |    18 |    38 |    83 |    99 |     6 |       ||   244
       Hunting sling     |       |       |     5 |    15 |       |       ||    20
       Shortbow          |       |       |       |    63 |       |       ||    63
       Arbalest          |       |       |       |       |   103 |    36 ||   139
Throw: Stone             |    27 |    90 |    89 |     4 |       |       ||   210
       Tomahawk          |       |     2 |    12 |     6 |    10 |     1 ||    31
 Cast: Magic Dart        |    50 |   132 |   458 |  1492 |  3277 |   109 ||  5518
       Repel Missiles    |     2 |     4 |     5 |     5 |    17 |       ||    33
       Blink             |       |     1 |       |     1 |     1 |       ||     3
       Mephitic Cloud    |       |       |       |     3 |     5 |       ||     8
Invok: Shadow Form       |       |       |       |       |     2 |       ||     2
 Abil: Evoke Flight      |       |       |       |     2 |     7 |       ||     9
       Evoke Berserk Rag |       |       |       |     2 |     2 |       ||     4
       Fly               |       |       |       |       |     1 |       ||     1
Evoke: Wand              |       |       |     2 |     9 |    13 |       ||    24
       Deck              |       |       |       |       |    10 |       ||    10
       Phial of floods   |       |       |       |       |     1 |       ||     1
  Use: Scroll            |       |       |       |    20 |     9 |     2 ||    31
 Stab: Sleeping          |       |     1 |       |       |       |       ||     1
       Paralysed         |       |       |       |       |     2 |       ||     2
  Eat: Chunk             |     9 |    20 |    43 |    97 |   187 |       ||   356
       Bread ration      |       |       |     1 |       |       |       ||     1
       Meat ration       |       |       |       |     1 |     2 |     1 ||     4
       Fruit             |       |       |       |       |     2 |       ||     2
